Map: King's Cove LE

Players

BratOK (Brat_OK) - Winner!

  • Race: Terran Terran
  • Spawn Location: 11:00

Spazymazy

  • Race: Zerg Zerg
  • Spawn Location: 5:00

Event: 2019 WCS Summer

VOD

Have the link to the VOD?

Description

Time

  • Played on: July 12, 2019, 6:14 a.m.
  • Length: 13:09

All games in this series

Show
View Real Time Build Order
Export as new Build Order

BratOK Terran - Winner!

Build Orders: Reaper Expand, Hellion Banshee, Mech 

Get SALT Encoding   

  12  0:00  SCV  
  13  0:12  SCV  
  14  0:17  Supply Depot  
  14  0:25  SCV  
  15  0:39  SCV  
  15  0:42  Barracks  
  16  0:44  Refinery  
  16  0:51  SCV  
  17  1:03  SCV  
  18  1:15  SCV  
  19  1:29  Orbital Command, Reaper  
  20  1:41  Command Center  
  20  1:49  Supply Depot  
  20  1:55  SCV  
  21  2:01  Marine  
  21  2:07  SCV  
  23  2:16  Factory  
  23  2:19  SCV  
  23  2:20  Refinery  
  24  2:23  Barracks Reactor  
  24  2:31  SCV  
  25  2:43  SCV  
  26  2:54  Orbital Command  
  26  2:58  SCV  
  27  3:04  Starport  
  27  3:09  Hellion x2  
  27  3:11  Barracks Tech Lab  
  31  3:19  SCV  
  32  3:23  SCV  
  33  3:31  SCV, Hellion x2  
  38  3:40  SCV  
  39  3:42  Supply Depot  
  39  3:46  SCV  
  40  3:50  Banshee  
  40  3:52  SCV  
  44  3:58  SCV, Hellion  
  46  4:04  Supply Depot, Hellion  
  46  4:05  SCV  
  49  4:10  SCV  
  50  4:17  SCV  
  50  4:19  Hellion  
  50  4:20  Command Center  
  53  4:26  Hellion  
  55  4:37  SCV  
  54  4:39  SCV  
  54  4:41  Hellion  
  54  4:43  Supply Depot  
  55  4:48  Hellion  
  55  4:49  SCV  
  54  4:54  SCV  
  54  4:55  Factory x2  
  55  5:04  Armory, SCV  
  55  5:06  Refinery x2, SCV  
  57  5:07  Supply Depot  
  57  5:11  Hellion x2  
  61  5:16  SCV  
  61  5:18  SCV  
  63  5:26  Viking  
  63  5:28  SCV  
  66  5:31  SCV  
  66  5:34  Orbital Command  
  67  5:36  Supply Depot  
  67  5:43  Siege Tank, Factory Tech Lab  
  67  5:45  SCV x2  
  72  5:54  Terran Vehicle And Ship Armor Level 1  
  72  5:57  SCV x2  
  72  6:03  Thor  
  80  6:05  SCV  
  80  6:10  SCV  
  82  6:13  SCV  
  82  6:15  Thor  
  89  6:20  SCV  
  89  6:22  SCV  
  89  6:23  Engineering Bay  
  87  6:29  Widow Mine  
  87  6:30  Widow Mine  
  85  6:33  SCV x2  
  81  6:43  SCV  
  81  6:45  SCV  
  83  6:47  Thor  
  83  6:49  Missile Turret, Supply Depot  
  83  6:50  Missile Turret  
  83  6:52  Missile Turret  
  86  6:57  Missile Turret  
  86  6:59  SCV x3  
  89  7:01  Siege Tank  
  90  7:11  SCV x2  
  90  7:14  SCV  
  92  7:21  Starport Tech Lab, Barracks Reactor  
  92  7:22  Factory x2  
  92  7:23  SCV x2  
  92  7:26  Supply Depot  
  92  7:27  Supply Depot  
  92  7:28  Refinery  
  94  7:30  Refinery  
  94  7:31  Drilling Claws  
  94  7:39  SCV, Supply Depot  
  94  7:40  Supply Depot  
  94  7:41  SCV x2  
  96  7:48  Cyclone x2  
  96  7:49  Hellion x2  
  106  7:52  SCV  
  106  7:53  SCV  
  106  7:54  Starport Reactor  
  106  7:55  Terran Vehicle Weapons Level 1  
  106  7:58  Armory  
  104  8:12  SCV  
  105  8:13  SCV  
  105  8:17  Widow Mine x2  
  105  8:18  SCV  
  112  8:28  Siege Tank  
  112  8:29  Siege Tank x2  
  112  8:30  Hellion x2  
  112  8:32  Starport Reactor  
  122  8:36  Supply Depot  
  122  8:37  Supply Depot  
  122  8:41  Mag-Field Accelerator  
  122  8:49  Command Center  
  122  8:51  Hellion x2  
  122  8:53  Terran Vehicle And Ship Armor Level 2  
  126  9:00  Siege Tank  
  126  9:02  SCV x2, Supply Depot  
  131  9:04  SCV, Supply Depot  
  132  9:14  Infernal Pre-Igniter  
  132  9:15  Cyclone  
  132  9:16  Hellion x2, Cyclone  
  142  9:33  Hellion, Supply Depot, Cyclone  
  142  9:34  Hellion  
  149  9:42  Viking  
  151  9:47  Cyclone  
  151  9:48  Cyclone  
  151  9:50  Missile Turret, Supply Depot  
  151  9:51  Terran Vehicle Weapons Level 2, Missile Turret, Supply Depot  
  157  9:54  Viking  
  159  10:10  Cyclone  
  159  10:11  Hellion x2  
  165  10:19  Barracks Reactor  
  165  10:20  Factory x2  
  165  10:23  Factory  
  165  10:29  Cyclone  
  165  10:30  Hellion x2, Cyclone  
  175  10:42  Cyclone, Hellion x2  
  177  10:53  Hellion x2  
  179  11:02  Cyclone x2  
  179  11:05  Orbital Command  
  175  11:13  Factory Tech Lab x2  
  175  11:14  Cyclone  
  176  11:20  Factory Tech Lab  
  176  11:21  Hellion  
  178  11:28  Hellion  
  178  11:29  Hellion x2  
  182  11:34  Cyclone x2  
  182  11:38  Cyclone  
  182  11:39  Hellion, Cyclone  
  181  11:46  Cyclone  
  180  11:50  Hellion  
  148  12:03  Orbital Command  
  148  12:05  Widow Mine  
  148  12:06  Cyclone x2  
  148  12:10  Cyclone  
  148  12:11  Cyclone  
  151  12:17  Widow Mine  
  151  12:18  Cyclone  
  147  12:26  Orbital Command  
  142  12:34  Widow Mine  
  142  12:35  SCV x3  
  137  12:47  SCV x3  
  140  12:55  SCV  
Show
View Real Time Build Order
Export as new Build Order

Spazymazy Zerg 

Build Orders: Hatch First 

Get SALT Encoding   

  12  0:00  Drone  
  13  0:13  Overlord  
  13  0:17  Drone  
  14  0:31  Drone x2  
  16  0:37  Drone  
  17  0:54  Hatchery  
  17  0:57  Drone  
  17  1:00  Drone  
  18  1:10  Extractor  
  17  1:16  Spawning Pool  
  16  1:18  Drone  
  16  1:22  Drone  
  18  1:30  Drone  
  19  1:40  Overlord  
  19  1:51  Drone  
  20  2:02  Queen  
  20  2:03  Zergling x2  
  20  2:05  Queen  
  20  2:06  Zergling x2  
  26  2:12  Metabolic Boost  
  26  2:16  Drone  
  26  2:19  Drone  
  28  2:26  Drone  
  29  2:31  Drone  
  29  2:35  Spore Crawler  
  29  2:39  Queen  
  32  2:46  Overlord  
  32  2:47  Drone x2  
  32  2:50  Drone  
  34  2:55  Overlord  
  34  3:01  Overlord  
  34  3:06  Drone  
  35  3:16  Drone x2  
  35  3:17  Drone  
  35  3:18  Drone  
  35  3:19  Drone x3  
  41  3:26  Lair  
  41  3:35  Drone  
  41  3:37  Extractor  
  41  3:40  Drone, Extractor x2  
  41  3:41  Drone x2  
  42  3:46  Baneling Nest  
  41  3:52  Drone, Roach Warren  
  41  3:58  Overlord  
  41  4:00  Drone x2  
  43  4:05  Drone x2  
  45  4:11  Drone x2  
  45  4:16  Drone x2  
  49  4:26  Zergling x4  
  50  4:33  Evolution Chamber  
  50  4:37  Evolution Chamber  
  46  4:39  Drone  
  46  4:45  Spire  
  44  4:47  Drone  
  44  4:50  Drone  
  48  4:56  Drone x3  
  51  5:02  Overseer  
  51  5:03  Overlord  
  51  5:04  Zergling x4  
  53  5:09  Drone x2  
  55  5:21  Queen  
  57  5:30  Hatchery  
  56  5:38  Overlord  
  56  5:41  Overlord  
  56  5:58  Mutalisk x7  
  70  6:06  Evolution Chamber  
  70  6:08  Evolution Chamber  
  70  6:10  Mutalisk  
  67  6:19  Mutalisk x2  
  67  6:26  Mutalisk  
  62  6:41  Drone x2  
  64  6:55  Drone x2, Queen  
  64  6:57  Drone x3  
  64  7:01  Drone  
  72  7:02  Drone  
  72  7:03  Drone  
  72  7:11  Drone x3  
  72  7:12  Zerg Missile Weapons Level 1  
  72  7:14  Glial Reconstitution  
  67  7:21  Zerg Ground Armor Level 1  
  67  7:23  Drone x2  
  67  7:26  Drone  
  67  7:28  Overlord  
  70  7:33  Extractor  
  70  7:34  Drone x2  
  70  7:35  Drone  
  72  7:43  Overlord  
  70  7:47  Roach x2  
  70  7:48  Roach x2  
  78  7:52  Roach x2  
  78  7:55  Roach  
  78  7:56  Roach  
  86  8:00  Roach x2  
  90  8:07  Roach  
  90  8:08  Roach x2  
  90  8:12  Overlord  
  94  8:18  Roach x2  
  98  8:22  Overlord x2  
  96  8:31  Overlord  
  96  8:37  Roach x4  
  96  8:38  Roach, Nydus Network  
  105  8:45  Roach x4  
  109  8:53  Roach x3  
  115  8:56  Ravager x4  
  115  8:58  Roach  
  115  8:59  Roach  
  123  9:10  Overlord x2  
  123  9:12  Roach x2  
  123  9:13  Roach  
  129  9:20  Overlord x2  
  129  9:26  Overlord  
  129  9:30  Roach x4  
  129  9:31  Roach  
  139  9:34  Nydus Canal  
  139  9:41  Nydus Canal  
  139  9:43  Infestation Pit  
  138  9:45  Drone x2  
  138  9:46  Drone  
  141  9:58  Drone x3, Extractor  
  141  9:59  Drone x5, Overlord  
  148  10:05  Drone  
  147  10:13  Roach x2  
  147  10:14  Roach  
  151  10:17  Roach  
  151  10:20  Ravager x2  
  151  10:21  Ravager x5  
  159  10:22  Ravager x2  
  159  10:26  Zerg Missile Weapons Level 2  
  162  10:29  Overlord  
  162  10:31  Hatchery  
  162  10:32  Roach x2  
  165  10:39  Roach x3  
  165  10:42  Pathogen Glands  
  169  10:47  Roach x2  
  166  10:51  Roach x2  
  166  10:53  Ravager x2  
  172  10:57  Roach x2  
  172  11:04  Roach x3  
  174  11:12  Nydus Canal  
  174  11:13  Roach x3  
  174  11:14  Roach  
  175  11:18  Roach x2  
  175  11:19  Roach  
  167  11:42  Roach x4  
  170  11:54  Roach x6  
  144  12:05  Roach x5  
  137  12:10  Drone  
  137  12:11  Drone x3  
  121  12:19  Roach x2  
  121  12:20  Drone  
  112  12:24  Drone  
  112  12:27  Drone  
  105  12:31  Drone  
  105  12:36  Drone  
  91  12:40  Drone  
  83  12:47  Roach x2  
  84  12:52  Nydus Canal  
  84  12:56  Drone x2  
  84  12:57  Drone  
Tags
 
Add a new tag
Caveats
  • Supply blocks, unpowered buildings, or Contaminate may cause inaccurate times.
  • Supply counts are checked every 10 seconds.